 Dungeon Crawl Stone Soup version 0.25.1-2-g60ff931df9 (webtiles) character file.

Game seed: 5742895128565789030

63 gruber the Ruffian (level 3, -3/42 HPs)
             Began as a Draconian Transmuter on Oct 4, 2020.
             Slain by a centaur (5 damage)
             ... on level 3 of the Dungeon.
             The game lasted 00:01:46 (2531 turns).

gruber the Ruffian (Draconian Transmuter)           Turns: 2531, Time: 00:01:46

Health: -3/42      AC: 21    Str: 12    XL:     3   Next: 89%
Magic:  6/6        EV:  2    Int: 14    God:
Gold:   143        SH:  0    Dex: 11    Spells: 0/6 levels left

rFire    . . .     SeeInvis .   i - +0 spear (curse)
rCold    . . .     Gourm    .   (no shield)
rNeg     + + +     Faith    .   (armour unavailable)
rPois    +         Spirit   .   (helmet currently unavailable)
rElec    .         Reflect  .   (cloak currently unavailable)
rCorr    .         Harm     .   (gloves currently unavailable)
MR       .....     NoTele   +   (boots currently unavailable)
Stlth    +.........             (no amulet)
HPRegen  0.14/turn              (no ring)
MPRegen  0.10/turn              (no ring)

@: tree-form
A: unfitting armour, AC +5
a: no special abilities


You were on level 3 of the Dungeon.
You were very hungry.
You were a tree.
You visited 1 branch of the dungeon, and saw 3 of its levels.

You collected 143 gold pieces.

Inventory:

Hand Weapons
 i - a cursed +0 spear (weapon)
Missiles
 a - 46 arrows
Jewellery
 m - an uncursed ring of flight {unknown}
Scrolls
 b - 2 scrolls of enchant armour {unknown}
 f - a scroll of random uselessness {unknown}
 g - a scroll of teleportation
 h - a scroll of remove curse {unknown}
 j - 2 scrolls of identify
Potions
 e - a potion of resistance
 k - a potion of curing {unknown}
 l - a potion of haste {unknown}
Comestibles
 c - 5 rations


   Skills:
 - Level 1.1 Fighting
 - Level 1.7 Dodging
 - Level 4.0 Unarmed Combat
 - Level 2.0 Spellcasting
 + Level 3.3 Transmutations


You couldn't memorise any spells.
You knew the following spells:

 Your Spells              Type           Power        Failure   Level  Hunger
a - Beastly Appendage     Tmut           ##....       6%          1    ##.....
b - Sticks to Snakes      Tmut           ##......     10%         2    ###....
c - Spider Form           Tmut/Pois      #.........   36%         3    ####...

Your spell library contained the following spells:

 Spells                   Type           Power        Failure   Level  Hunger
 Ice Form                 Ice/Tmut       #.......     77%         4    #####..
 Blade Hands              Tmut           ##........   86%         5    ######.


Dungeon Overview and Level Annotations

Branches:
Dungeon (3/15)

Altars:


Innate Abilities, Weirdness & Mutations

((Your plain brown scales are hard. (AC +5)))
You cannot fit into any form of body armour.
((You are cold-blooded and may be slowed by cold attacks.))


Message History

The centaur is lightly wounded.
The centaur unwields a +0 shortbow.
The centaur hits you but does no damage.
Unknown command.
Unknown command.
Attack whom?
Press: ? - help, Dir - move target cursor, f/p - centaur
Aim: a centaur, quivering 18 arrows (lightly wounded)
You hit the centaur but do no damage.
The centaur is lightly wounded.
The centaur hits you but does no damage.
Unknown command.
Unknown command.
Attack whom?
Press: ? - help, Dir - move target cursor, f/p - centaur
Aim: a centaur, quivering 18 arrows (lightly wounded)
You hit the centaur.
The centaur is lightly wounded.
The centaur hits you.
You die...

##...## #..........#
##.....## #.##.#.###.#
#.......###.##...# #.#
#.........##.#....###.#
+.........'...........#
#.........##.#........#
##.......###..........#
##.....## ###.##.....#
##..... #♣########
##+## #c# #l#
............#
...###...##..# #.#.# #
#. .# .# #. . .


You could see a centaur and a frilled lizard.

Vanquished Creatures
  An adder (D:2)
  A worm (D:2)
  2 dart slugs (D:2)
  2 leopard geckos
  3 giant cockroaches
  5 goblins
  6 hobgoblins
  2 jackals (D:2)
  A quokka (D:2)
  7 bats
  4 frilled lizards
  5 kobolds
  4 rats
43 creatures vanquished.

Notes
Turn   | Place    | Note
-------+----------+-------------------------------------------
     0 | D:1      | gruber the Draconian Transmuter began the quest for the
                  | Orb.
     0 | D:1      | Reached XP level 1. HP: 16/16 MP: 3/3
   275 | D:1      | Reached XP level 2. HP: 14/23 MP: 5/5
  1452 | D:2      | Reached skill level 4 in Unarmed Combat
  1683 | D:2      | Reached XP level 3. HP: 27/28 MP: 6/6
  1687 | D:2      | Learned a level 2 spell: Sticks to Snakes
  1691 | D:2      | Learned a level 3 spell: Spider Form
  2518 | D:3      | Noticed a centaur
  2527 | D:3      | HP: 1/42 [centaur/arrow (4)]
  2531 | D:3      | Slain by a centaur

Illustrated notes

Levels and vault maps discovered:
D:1:      zaba_arrival_water, layout_loops_corners
D:2:      layout_basic, serial_curves, eino_curves_03, eino_curves_01,
          serial_park_tiny_pond, minmay_misc_feat_roman,
          kennysheep_generic_room_5
D:3:      layout_loops_corners, chequers_decorated_corner, minmay_starry_boxes

Skill      XL: |  1  2  3 |
---------------+----------+-----
Unarmed Combat | 4 |  4.0
Transmutations | 3 |  3.3
Fighting       | |  1.1
Dodging        | |  1.7
Spellcasting   | |  2.0

Action                   || total
-------------------------++-------
Melee: Unarmed           ||    28
       Spear             ||   142
       Tailslap          ||    11
       Punch             ||     2
       Headbutt          ||     4
       Kick              ||     2
 Cast: Beastly Appendage ||     6
  Use: Scroll            ||     4
       Potion            ||     1
 Stab: Sleeping          ||     2
  Eat: Chunk             ||     4
Armor: Skin              ||    49
Dodge: Dodged            ||    94
